 Dungeon Crawl Stone Soup version 0.22-a0-558-gc224181 (webtiles) character file.

10402 glosham the Thaumaturge (level 11, -8/68 HPs)
             Began as a Mummy Earth Elementalist on June 26, 2018.
             Was an Elder of Cheibriados.
             Mangled by an ice devil (9 damage)
             ... on level 2 of the Orcish Mines.
             The game lasted 03:13:04 (8751 turns).

glosham the Thaumaturge (Mummy Earth Elementalist)  Turns: 8751, Time: 03:13:05

Health: -8/68      AC: 12    Str: 20    XL:     11   Next: 35%
Magic:  28/38      EV: 12    Int: 27    God:    Cheibriados [****..]
Gold:   689        SH:  0    Dex: 22    Spells: 31/39 levels left

rFire    + . .     SeeInvis .   a - +0 hunting sling (flame)
rCold    + . .     Gourm    .   (no shield)
rNeg     + + +     Faith    .   X - +2 leather armour {rPois}
rPois    ∞         Spirit   .   U - +0 helmet
rElec    .         Reflect  .   Y - scarf {rC+ rF+}
rCorr    .         Harm     .   V - +2 pair of gloves
MR       +....                  W - +2 pair of boots
Stlth    ++........             (no amulet)
HPRegen  0.21/turn              A - ring of magical power
MPRegen  0.26/turn              B - ring of fire

@: very slow
A: no food or potions, fire vulnerability, cold resistance 1, negative energy
resistance 3, torment resistance, unbreathing
a: Bend Time, Temporal Distortion, Slouch, Renounce Religion


You were on level 2 of the Orcish Mines.
You worshipped Cheibriados.
Cheibriados was greatly pleased with you.
You were not hungry.

You visited 3 branches of the dungeon, and saw 13 of its levels.
You also visited: Sewer.

You collected 1003 gold pieces.
You spent 314 gold pieces at shops.

Inventory:

Hand Weapons
 a - a +0 hunting sling of flaming (weapon)
 b - a +5 halberd
 c - a +0 blowgun
 s - a +2 dagger of draining
 y - a +5 hand axe
 G - a +1 spear of venom
 H - a +1 war axe of venom
 I - a +3 short sword of draining
Missiles
 d - 111 bolts
 f - 40 stones
 g - 6 sling bullets (quivered)
 i - 3 tomahawks
 t - 63 arrows
 u - 5 tomahawks of dispersal
Armour
 p - a +0 robe
 E - a +0 cloak
 U - a +0 helmet (worn)
 V - a +2 pair of gloves (worn)
 W - a +2 pair of boots (worn)
 X - a +2 leather armour of poison resistance (worn)
 Y - a scarf of resistance (worn)
Jewellery
 A - a ring of magical power (left hand)
 B - a ring of fire (right hand)
 C - an uncursed ring of ice
 S - an uncursed ring of resist corrosion
Wands
 k - a wand of scattershot (6)
 m - a wand of disintegration (7)
 w - a wand of enslavement (28)
 x - a wand of acid (3)
 D - a wand of paralysis (26)
Scrolls
 e - 2 scrolls of immolation
 h - 2 scrolls of amnesia
 j - 2 scrolls of fear
 l - a scroll of blinking
 n - 3 scrolls of identify
 o - 2 scrolls of magic mapping
 q - 3 scrolls of teleportation
 r - a scroll of remove curse
 v - a scroll of torment {!r}
Miscellaneous
 F - a lamp of fire (inert)


   Skills:
 - Level 1.5 Dodging
 - Level 1.5 Stealth
 * Level 14.6 Spellcasting
 - Level 0.7 Transmutations
 - Level 11.0 Earth Magic


You had 31 spell levels left.
You knew the following spells:

 Your Spells              Type           Power        Failure   Level  Hunger
l - Lee's Rapid Deconstr  Erth           ######....   1%          5    N/A
z - Sandblast             Erth           ######       1%          1    N/A
P - Passwall              Tmut/Erth      ######..     1%          2    N/A

Your spell library contained the following spells:

 Spells                   Type           Power        Failure   Level  Hunger
 Bolt of Cold             Conj/Ice       ###.......   99%         6    N/A
 Confuse                  Hex            ###.....     10%         3    N/A
 Freezing Cloud           Conj/Ice/Air   ###.......   99%         6    N/A
 Freeze                   Ice            ###.         3%          1    N/A
 Summon Ice Beast         Ice/Summ       ###.....     32%         4    N/A
 Tukima's Dance           Hex            ###.....     10%         3    N/A
 Stone Arrow              Conj/Erth      #####.       1%          3    N/A
 Ensorcelled Hibernation  Hex/Ice        ###...       4%          2    N/A
 Corona                   Hex            ###....      3%          1    N/A
 Portal Projectile        Hex/Tloc       ###...       10%         3    N/A
 Petrify                  Tmut/Erth      ######..     2%          4    N/A
 Dazzling Spray           Conj/Hex       ###...       10%         3    N/A

Dungeon Overview and Level Annotations

Branches:
Dungeon (10/15)            Temple (1/1) D:7            Lair (0/6) D:8
    Orc (1/2) D:10            Elf (0/3) Orc:2

Altars:
Ashenzari
Cheibriados
Elyvilon
Fedhas
Gozag
Hepliaklqana
Makhleb
Nemelex Xobeh
Okawaru
Qazlal
Ru
Uskayaw
The Shining One
Beogh

Shops:
D:6 :=}[   D:7 !   D:10 }   Orc:1 =

Annotations:
Orc:1 Nicwaq's ghost, journeyman HOMo


Innate Abilities, Weirdness & Mutations

You do not eat or drink.
Your flesh is vulnerable to fire.
You are immune to poison.
Your flesh is cold resistant. (rC+)
You are immune to negative energy. (rN+++)
You are immune to unholy pain and torment.
You can survive without breathing.


Message History

Aim: a two-headed ogre, wielding two giant clubs (chance to defeat MR: 28%)
Okay, then.
Evoke which item? (* to show all) (? for menu, Esc to quit)
Okay, then.
Casting: Sandblast (safe; 1% risk of failure)
Confirm with . or Enter, or press ? or * to list all spells.
Aiming: Sandblast (safe; 1% risk of failure)
Press: ? - help, Shift-Dir - straight line, f - ice devil
Aim: an ice devil The blast of sand hits the ice devil.
The ice devil is lightly wounded.
f - 43 stones
Casting: Sandblast (safe; 1% risk of failure)
Confirm with . or Enter, or press ? or * to list all spells.
Aiming: Sandblast (safe; 1% risk of failure)
Press: ? - help, Shift-Dir - straight line, f/p - ice devil
Aim: an ice devil (lightly wounded)
The blast of sand hits the ice devil.
The ice devil is moderately wounded.
f - 42 stones
Casting: Sandblast (safe; 1% risk of failure)
Confirm with . or Enter, or press ? or * to list all spells.
Aiming: Sandblast (safe; 1% risk of failure)
Press: ? - help, Shift-Dir - straight line, p - ice devil The blast of sand hits the ice devil.
The ice devil is severely wounded.
f - 41 stones The ice devil closely misses you.
Casting: Sandblast (safe; 1% risk of failure)
Confirm with . or Enter, or press ? or * to list all spells.
Aiming: Sandblast (safe; 1% risk of failure)
Press: ? - help, Shift-Dir - straight line, f - two-headed ogre
Aim: a two-headed ogre, wielding two giant clubs The blast of sand hits the two-headed ogre.
The two-headed ogre is moderately wounded.
f - 40 stones The two-headed ogre hits you with a giant club!! x2
* * * LOW HITPOINT WARNING * * *
The ice devil hits you!
You die...

#............
#.......#...
#..........
#.........##
#..#....$..#
#.........# #
#....<....# ..
###....$4@..###...
.(....#.O)†.......
.......)).........
...((...).....#..
#.....$..#.#..# .
.>..(.$####......
......# #.....#
.#(... #.....
.(.... .....


You could see a two-headed ogre and an ice devil.

Vanquished Creatures
  A two-headed ogre (Orc:2)
  An orc high priest (Orc:1)
  An elephant (D:8)
  2 rust devils (D:7)
  2 trolls
  2 hippogriffs (D:8)
  A spriggan (D:7)
  2 wyverns
  A wraith (D:10)
  6 yaks (D:9)
  A basilisk (D:8)
  A warg (Orc:1)
  11 orc warriors
  2 sky beasts
  An ice beast (D:10)
  A black bear (D:6)
  5 ogres
  A necrophage (D:3)
  A phantom (D:4)
  4 centaurs
  3 crocodiles
  A big kobold (D:8)
  6 bullfrogs
  4 scorpions
  9 killer bees (D:8)
  8 wights
  2 centaur zombies
  5 orc priests
  2 jellies
  15 orc wizards
  5 hounds
  An iguana (D:6)
  9 worker ants
  A killer bee zombie (D:7)
  2 hound skeletons
  11 adders
  4 river rats (D:3)
  A shadow imp (D:5)
  An ooze (D:5)
  5 worms
  4 dart slugs
  4 leopard geckos
  57 orcs
  5 giant cockroaches
  10 goblins
  8 hobgoblins
  23 jackals
  13 kobolds
  4 quokkas
  3 ball pythons
  14 bats
  2 frilled lizards (D:3)
  A jackal skeleton (D:7)
  A leopard gecko skeleton (D:5)
  2 quokka skeletons
  30 rats
323 creatures vanquished.

Vanquished Creatures (others)
  A bullfrog (D:8)
  A fungus (D:8)
2 creatures vanquished.

Grand Total: 325 creatures vanquished

Notes
Turn   | Place    | Note
-------+----------+-------------------------------------------
     0 | D:1      | glosham the Mummy Earth Elementalist began the quest for the Orb.
     0 | D:1      | Reached XP level 1. HP: 13/13 MP: 4/4
    15 | D:1      | Reached skill level 3 in Spellcasting
   181 | D:1      | Reached XP level 2. HP: 14/19 MP: 2/6
   411 | D:2      | Reached skill level 4 in Spellcasting
   454 | D:2      | Reached XP level 3. HP: 8/24 MP: 1/8
   938 | D:1      | Reached skill level 5 in Spellcasting
  1395 | D:3      | Reached XP level 4. HP: 26/30 MP: 7/11
  1415 | D:3      | Reached skill level 6 in Spellcasting
  1663 | D:3      | Reached XP level 5. HP: 11/35 MP: 4/13
  1743 | D:3      | Reached skill level 3 in Earth Magic
  1863 | D:3      | Found a glowing drain.
  1869 | D:3      | Reached XP level 6. HP: 32/41 MP: 12/15
  1878 | Sewer    | Entered a sewer
  1958 | Sewer    | Reached skill level 7 in Spellcasting
  2544 | D:4      | Reached skill level 4 in Earth Magic
  2632 | D:4      | Reached skill level 8 in Spellcasting
  2632 | D:4      | Reached XP level 7. HP: 46/46 MP: 16/18
  2636 | D:4      | Learned a level 2 spell: Passwall
  3729 | D:5      | Entered Level 5 of the Dungeon
  3877 | D:5      | Reached skill level 9 in Spellcasting
  3934 | D:5      | Found a hazy altar of Hepliaklqana.
  4290 | D:5      | Reached skill level 5 in Earth Magic
  4290 | D:5      | Reached XP level 8. HP: 52/52 MP: 18/21
  4501 | D:6      | Found Geudghiyf's Book Emporium.
  4719 | D:6      | Found Sizaqos's Gadget Emporium.
  4733 | D:6      | Found Wauhuzoics's Jewellery Shop.
  4761 | D:6      | Bought an uncursed ring of magical power for 260 gold pieces
  5066 | D:6      | Reached skill level 6 in Earth Magic
  5106 | D:6      | Found a stormy altar of Qazlal.
  5178 | D:6      | Found Yjokesayk's Armour Shoppe.
  5186 | D:6      | Bought a +0 helmet for 54 gold pieces
  5305 | D:7      | Reached skill level 7 in Earth Magic
  5463 | D:7      | Reached XP level 9. HP: 52/57 MP: 22/22
  5468 | D:7      | Found a staircase to the Ecumenical Temple.
  5486 | Temple   | Entered the Ecumenical Temple
  5491 | Temple   | Became a worshipper of Cheibriados the Contemplative
  5678 | D:7      | Found Caqak's Distillery.
  5688 | D:7      | Learned a level 5 spell: Lee's Rapid Deconstruction
  5754 | D:7      | Reached skill level 10 in Spellcasting
  5868 | D:7      | Reached skill level 8 in Earth Magic
  6060 | D:8      | Identified the Reference Book on Cold and the Voyage
  6169 | D:8      | Reached skill level 11 in Spellcasting
  6173 | D:8      | Reached * piety under Cheibriados
  6199 | D:8      | Reached skill level 9 in Earth Magic
  6308 | D:8      | Noticed an elephant
  6356 | D:8      | Reached XP level 10. HP: 63/63 MP: 25/25
  6386 | D:8      | Reached ** piety under Cheibriados
  6488 | D:8      | Found a hide-covered altar of Uskayaw.
  6516 | D:8      | Killed an elephant
  6516 | D:8      | Reached skill level 12 in Spellcasting
  6539 | D:8      | Found a staircase to the Lair.
  6550 | D:7      | Noticed a rust devil
  6550 | D:7      | Noticed a rust devil
  6553 | D:7      | Killed a rust devil
  6557 | D:7      | Killed a rust devil
  7128 | D:9      | Reached skill level 10 in Earth Magic
  7140 | D:9      | Reached skill level 13 in Spellcasting
  7498 | D:10     | Entered Level 10 of the Dungeon
  7560 | D:10     | Reached *** piety under Cheibriados
  7575 | D:10     | Found a staircase to the Orcish Mines.
  7681 | D:10     | Found Mukken's Gadget Emporium.
  7778 | D:10     | Found a burning altar of Makhleb.
  7814 | D:10     | Reached XP level 11. HP: 68/68 MP: 28/28
  7908 | Orc:1    | Entered Level 1 of the Orcish Mines
  7908 | Orc:1    | Found a roughly hewn altar of Beogh.
  7908 | Orc:1    | Found a runed gate.
  7908 | Orc:1    | Found a runed gate.
  7908 | Orc:1    | Found a runed gate.
  7917 | Orc:1    | Noticed Nicwaq's ghost (journeyman HOMo)
  7937 | Orc:1    | Found Cuurusen's Jewellery Shop.
  7998 | Orc:1    | Noticed an orc high priest
  8027 | Orc:1    | Killed an orc high priest
  8027 | Orc:1    | Reached skill level 14 in Spellcasting
  8693 | Orc:1    | Reached **** piety under Cheibriados
  8693 | Orc:1    | Reached skill level 11 in Earth Magic
  8703 | Orc:1    | You fall through a shaft!
  8703 | Orc:2    | Entered Level 2 of the Orcish Mines
  8728 | Orc:2    | Found a staircase to the Elven Halls.
  8740 | Orc:2    | Noticed a two-headed ogre
  8744 | Orc:2    | Noticed a two-headed ogre
  8746 | Orc:2    | Killed a two-headed ogre
  8751 | Orc:2    | HP: 1/68 [two-headed ogre/giant club (18)]
  8751 | Orc:2    | Mangled by an ice devil

Vault maps used:
D:1:      minmay_arrival_diagonal_passages, interstate_on_off
D:2:      first_ration, minmay_rat_hole
D:3:      lightli_sewer_entry_pipes
D:5:      overflow_temple_1_default
D:6:      serial_shops, shop_fountains, shop,
          nicolae_shop_competitors_out_of_business, nicolae_shop_crystal,
          basic_altar, minmay_door_square
D:7:      cheibrodos_iron_armory, minmay_temple_entry_large_hall, serial_shops,
          shop, the_bakery
D:8:      david_lair_generic, basic_altar
D:10:     orc_david_3, serial_shops, shop_fountains, minmay_misc_feat_square,
          lemuel_statue_altar
Temple:   grunt_wide_crystal_templ
Orc:1:    serial_shops, nicolae_shop_statue_plus, ebering_ghost_rock_garden,
          basic_altar
Orc:2:    st_orc_open, serial_shops, shop, portal_ice_cave_demonic_guard,
          uniq_azrael
Sewer:    sewer_big_baddie

Skill      XL: |  1  2  3  4  5  6  7  8  9 10 11 |
---------------+----------------------------------+-----
Spellcasting   | 3 4 5 6 8 9 11 13 14 | 14.6
Earth Magic    | 3 4 5 7 9 10 11 | 11.0
Dodging        | |  1.5
Stealth        | |  1.5
Transmutations | |  0.7

Action                   |  1- 3 |  4- 6 |  7- 9 | 10-12 || total
-------------------------+-------+-------+-------+-------++-------
Melee: Unarmed           |    14 |       |       |       ||    14
       Dagger            |    47 |    26 |       |       ||    73
       War axe           |       |       |   200 |    13 ||   213
       Halberd           |       |       |       |    15 ||    15
 Fire: Hunting sling     |    68 |   133 |   179 |    91 ||   471
 Cast: Sandblast         |    22 |    67 |   102 |   146 ||   337
       Lee's Rapid Decon |       |       |       |    28 ||    28
       Passwall          |       |       |       |     1 ||     1
Evoke: Wand              |       |       |     2 |    11 ||    13
       Lamp of fire      |       |       |       |     1 ||     1
  Use: Scroll            |     7 |     3 |     7 |     6 ||    23
 Stab: Sleeping          |     2 |       |     3 |       ||     5
Armor: Robe              |    17 |       |       |       ||    17
       Leather armour    |     7 |    45 |   168 |    40 ||   260
Dodge: Dodged            |    43 |    85 |   224 |    67 ||   419

Table legend:
 A = Spawn XP
 B = Non-spawn XP
 C = Spawn XP percentage of total XP
 D = Spawn monster count
 E = Non-spawn monster count
 F = Spawn count percentage of total count
 G = Total turns spent on level
                    A         B        C        D         E        F      G
               +---------+---------+-------+---------+---------+-------+---------
         Total |       0 |   14860 |   0.0 |       0 |     324 |   0.0 |  8751
               +---------+---------+-------+---------+---------+-------+---------
           D:1 |       0 |      55 |   0.0 |       0 |      28 |   0.0 |  1008
           D:2 |       0 |      85 |   0.0 |       0 |      42 |   0.0 |   728
           D:3 |       0 |     483 |   0.0 |       0 |      57 |   0.0 |  1145
           D:4 |       0 |     335 |   0.0 |       0 |      15 |   0.0 |   745
           D:5 |       0 |     451 |   0.0 |       0 |      26 |   0.0 |   778
           D:6 |       0 |     798 |   0.0 |       0 |      17 |   0.0 |   769
           D:7 |       0 |    2146 |   0.0 |       0 |      22 |   0.0 |   792
           D:8 |       0 |    3044 |   0.0 |       0 |      37 |   0.0 |   644
           D:9 |       0 |    2171 |   0.0 |       0 |      22 |   0.0 |   753
          D:10 |       0 |    1801 |   0.0 |       0 |      23 |   0.0 |   410
         Orc:1 |       0 |    2006 |   0.0 |       0 |      16 |   0.0 |   795
         Orc:2 |       0 |    1376 |   0.0 |       0 |      13 |   0.0 |    48
         Sewer |       0 |     109 |   0.0 |       0 |       6 |   0.0 |   125
               +---------+---------+-------+---------+---------+-------+---------

Table legend:
 A = Turns spent in this place as a percentage of turns spent in the entire game.
 B = Non-inter-level travel turns spent in this place as a percentage of non-inter-level travel turns spent in the entire game.
 C = Inter-level travel turns spent in this place as a percentage of turns spent in this place.
 D = Turns resting spent in this place as a percentage of non-inter-level travel turns spent in this place.
 E = Turns spent auto-exploring this place as a percentage of non-inter-level travel turns spent in this place.
 F = Non-inter-level travel turns spent in this place divided by the number of levels of this place that you've seen.
                   A       B       C       D       E      F
               +-------+-------+-------+-------+-------+----------------------
         Total | 100.0 | 100.0 |   4.1 |   5.6 |   2.6 | 599.6
       Dungeon |  88.8 |  88.7 |   4.2 |   1.7 |   3.0 | 744.8
        Temple |   0.1 |   0.1 |   0.0 |   0.0 |   0.0 |  11.0
  Orcish Mines |   9.6 |   9.6 |   3.9 |  42.3 |   0.0 | 405.0
         Sewer |   1.4 |   1.5 |   0.0 |   0.0 |   0.0 | 125.0
               +-------+-------+-------+-------+-------+----------------------

Table legend:
 A = Kills in this place as a percentage of kills in entire the game.
 B = Kills by you in this place as a percentage of kills by you in the entire game.
 C = Kills by friends in this place as a percentage of kills by friends in the entire game.
 D = Other kills in this place as a percentage of other kills in the entire game.
 E = Experience gained in this place as a percentage of experience gained in the entire game.
 F = Experience gained in this place divided by the number of levels of this place that you have seen.
                   A       B       C       D       E      F
               +-------+-------+-------+-------+-------+----------------------
         Total | 100.0 | 100.0 |   N/A | 100.0 | 100.0 | 1061.4
       Dungeon |  89.2 |  89.2 |   N/A | 100.0 |  76.5 | 1136.9
  Orcish Mines |   9.0 |   9.0 |   N/A |   0.0 |  22.8 | 1691.0
         Sewer |   1.9 |   1.9 |   N/A |   0.0 |   0.7 | 109.0
               +-------+-------+-------+-------+-------+----------------------

Vault maps used:
D:1:      minmay_arrival_diagonal_passages, interstate_on_off
D:2:      first_ration, minmay_rat_hole
D:3:      lightli_sewer_entry_pipes
D:5:      overflow_temple_1_default
D:6:      serial_shops, shop_fountains, shop,
          nicolae_shop_competitors_out_of_business, nicolae_shop_crystal,
          basic_altar, minmay_door_square
D:7:      cheibrodos_iron_armory, minmay_temple_entry_large_hall, serial_shops,
          shop, the_bakery
D:8:      david_lair_generic, basic_altar
D:10:     orc_david_3, serial_shops, shop_fountains, minmay_misc_feat_square,
          lemuel_statue_altar
Temple:   grunt_wide_crystal_templ
Orc:1:    serial_shops, nicolae_shop_statue_plus, ebering_ghost_rock_garden,
          basic_altar
Orc:2:    st_orc_open, serial_shops, shop, portal_ice_cave_demonic_guard,
          uniq_azrael
Sewer:    sewer_big_baddie
